 Dungeon Crawl Stone Soup version 0.27.1-33-g824d729ab1 (webtiles) character file.

Game seed: 25596871376335269

687 bpung the Covert (level 7, -2/53 HPs)
             Began as an Octopode Brigand on Dec 1, 2021.
             Was a Plaything of Xom.
             Slain by a steam dragon (6 damage)
             ... on level 6 of the Dungeon.
             The game lasted 00:12:11 (5217 turns).

bpung the Covert (Octopode Brigand)                 Turns: 5217, Time: 00:12:12

Health: -2/53      AC:  1    Str: 17    XL:     7   Next: 62%
Magic:  7/7        EV: 14    Int:  9    God:    Xom [....*.]
Gold:   309        SH:  0    Dex: 13    Spells: 6/6 levels left

rFire    . . .     SeeInvis .   a - +2 dagger (spect)
rCold    . . .     Faith    .   (no shield)
rNeg     . . .     Spirit   .   (helmet restricted)
rPois    +         Reflect  .   (no amulet)
rElec    +         Harm     .   t - ring of Remiqoz {Wiz rPois Str+6}
rCorr    .         Rampage  .   (no ring)
Will     .....                  (no ring)
Stlth    +++++.....             (no ring)
HPRegen  0.17/turn              (no ring)
MPRegen  0.10/turn              (no ring)
                                (no ring)
                                (no ring)

@: no status effects
A: almost no armour, amphibious, 8 rings, camouflage 1, gelatinous body 1,
(nimble swimmer 1), tentacles, clumsy 1, dopey 2, electricity resistance
a: Renounce Religion


You were on level 6 of the Dungeon.
You worshipped Xom.
You were a beloved toy of Xom.
You visited 1 branch of the dungeon, and saw 6 of its levels.
You also visited: Sewer.

You collected 309 gold pieces.

Inventory:

Hand Weapons
 a - a +2 spectral dagger (weapon)
 b - a +0 short sword of venom
Missiles
 c - 2 curare-tipped darts
 e - 3 boomerangs
 q - 21 poisoned darts (quivered)
Jewellery
 t - the ring of Remiqoz (left tentacle) {Wiz rPois Str+6}
   (You found it on level 4 of the Dungeon)

   [ring of wizardry]

   It improves your spell success rate.
   Str:       It affects your strength (+6).
   rPois:     It protects you from poison.
Scrolls
 f - a scroll of torment {unknown}
 g - a scroll of magic mapping {unknown}
 j - 2 scrolls of identify
Potions
 d - a potion of curing
 l - 2 potions of flight
 p - a potion of might


   Skills:
 + Level 6.7 Fighting
 + Level 5.3 Short Blades
 + Level 3.4 Throwing
 + Level 4.9 Dodging
 + Level 8.9 Stealth


You had 6 spell levels left.
You didn't know any spells.
Your spell library contained the following spells:

 Spells                   Type           Power      Damage    Failure   Level
 Blade Hands              Tmut           0%         N/A       98%         5
 Irradiate                Conj/Tmut      0%         3d14      98%         5
 Dragon Form              Tmut           0%         N/A       100%        7


Dungeon Overview and Level Annotations

Branches:
Dungeon (6/15)              Sewer (visited)
 Temple: D:4-7

Altars:
Fedhas
Makhleb
Nemelex Xobeh
Qazlal
Trog
Xom

Annotations:
D:4 2 transporters, zeram's ghost, novice MfFi
D:6 Pikel


Innate Abilities, Weirdness & Mutations

You cannot wear most types of armour.
You are amphibious.
You can wear up to eight rings at the same time.
Your skin changes colour to match your surroundings (Stealth+).
Your rubbery body absorbs attacks. (AC +1, EV +1)
((You are camouflaged near water. (Stealth+)))
You have tentacles for arms and can constrict up to eight enemies at once.
You are clumsy. (Dex -2)
You are very dopey. (Int -4)
You are resistant to electric shocks. (rElec)


Message History

Found 20 sling bullets.
Your surroundings suddenly seem different.
The gnoll shaman moves out of view.
The gnoll moves out of view. x3
The centaur zombie moves out of view.
HP restored.
Found 10 gold pieces.
Found a ring mail.
You now have 294 gold pieces (gained 10).
Found 15 gold pieces.
You see here a +0 ring mail.
Found a sparkling altar of Nemelex Xobeh.
You now have 309 gold pieces (gained 15).
A jelly comes into view.
The helpless jelly fails to defend itself.
You perforate the jelly like a sieve!!!
You kill the jelly!
Xom twists space around you.
Your surroundings suddenly seem different.
Your surroundings suddenly seem different.
A steam dragon comes into view.
A steam dragon comes into view.
The steam dragon hisses angrily.
The steam dragon breathes steam at you. The ball of steam hits you!!
Ouch! That really hurt!
The ball of steam hits the fungus!!
The fungus begins to die.
The ball of steam hits the fungus!
The fungus begins to die.
The steam dragon breathes steam at you. The ball of steam hits you!!
* * * LOW HITPOINT WARNING * * *
Xom is mildly amused.
Unknown command.
The fungus is engulfed in a cloud of scalding steam.
You hit the steam dragon. Your squeeze misses the steam dragon.
The steam dragon is lightly wounded.
Your +2 spectral dagger hits the steam dragon.
The fungus is engulfed in a cloud of scalding steam.
The steam dragon completely misses you. The steam dragon claws you.
You die...
Xom roars with laughter!

#### ###^P### ##
#######≈P≈≈..#
.#######.≈≈PP§≈§...P##
#
P≈≈.≈........§§§@.D.P#
##
.....P≈≈PP≈≈≈.≈≈D(..≈#
#<
≈P≈..#########PP.§.PP#
#... ###### ##≈≈PPP##
#### ##.# ##≈.P## .
#.# ##### .#.## .##
#### .# #..


You could see 2 steam dragons and a friendly +2 spectral dagger (summoned).

Vanquished Creatures
  A sky beast (D:5)
  An ice beast (D:5)
  2 scorpions (D:4)
  A hound (D:5)
  2 jellies
  Crazy Yiuf (D:2)
  A hound skeleton (D:5)
  4 gnolls
  2 river rats (Sewer)
  3 adders
  3 worms
  4 dart slugs
  7 orcs
  3 ball pythons
  7 endoplasms
  A giant cockroach (D:4)
  4 goblins
  9 hobgoblins
  3 quokkas
  4 bats
  5 frilled lizards
  6 kobolds
  4 rats
78 creatures vanquished.

Vanquished Creatures (collateral kills)
  A kobold brigand (Sewer)
  An orc priest (D:4)
  An adder (D:4)
  2 orcs (D:4)
  A jackal (Sewer)
  A kobold (Sewer)
  A rat (Sewer)
8 creatures vanquished.

Vanquished Creatures (others)
  4 plants (D:5)
4 creatures vanquished.

Grand Total: 90 creatures vanquished

Notes
Turn   | Place    | Note
-------+----------+-------------------------------------------
     0 | D:1      | bpung the Octopode Brigand began the quest for the Orb.
     0 | D:1      | Reached XP level 1. HP: 14/14 MP: 1/1
    44 | D:1      | Found a faded altar of an unknown god.
    59 | D:1      | Became a worshipper of Xom of Chaos
    65 | D:1      | XOM: potion effect (might)
    68 | D:1      | XOM: butterfly on damage
    73 | D:1      | XOM: 1-stop teleportation journey
    81 | D:1      | Reached XP level 2. HP: 5/19 MP: 2/2
   620 | D:2      | Found a blossoming altar of Fedhas.
   631 | D:2      | Reached skill level 8 in Stealth
   631 | D:2      | Reached XP level 3. HP: 30/30 MP: 3/3
  1095 | D:2      | Reached XP level 4. HP: 36/36 MP: 4/4
  1650 | D:2      | Found a runed translucent door.
  1651 | D:2      | Noticed Crazy Yiuf
  1822 | D:2      | Killed Crazy Yiuf
  2119 | D:2      | XOM: cloud trail
  2168 | D:3      | Reached XP level 5. HP: 41/41 MP: 5/5
  2375 | D:3      | Found a glowing drain.
  2379 | D:3      | XOM is BORED!
  2379 | D:3      | XOM: polymorph adder -> jelly
  2390 | Sewer    | Entered a sewer
  2390 | Sewer    | XOM: summons friendly ufetubus
  2521 | Sewer    | XOM: scenery: create altars
  2571 | Sewer    | Noticed a kobold brigand
  2571 | Sewer    | XOM: 2-stop teleportation journey
  2592 | Sewer    | Killed a kobold brigand
  2723 | Sewer    | Found a white marble altar of Elyvilon.
  2853 | D:3      | XOM: polymorph dart slug -> goblin
  2975 | D:3      | Reached XP level 6. HP: 47/47 MP: 6/6
  3307 | D:3      | XOM: scenery: summon butterflies
  3456 | D:4      | Found a transporter.
  3485 | D:4      | Found a transporter.
  3489 | D:4      | Noticed zeram's ghost (novice MfFi)
  3533 | D:4      | Identified the ring of Remiqoz {Wiz rPois Str+6}
  3796 | D:4      | Reached skill level 5 in Short Blades
  3810 | D:4      | XOM: cloud trail
  3916 | D:4      | Found a bloodstained altar of Trog.
  4019 | D:4      | XOM: give mutations
  4019 | D:4      | Gained mutation: You are resistant to electric shocks.
                  | (rElec) [Xom's mischief]
  4019 | D:4      | Gained mutation: You are clumsy. (Dex -2) [Xom's mischief]
  4019 | D:4      | Gained mutation: You are dopey. (Int -2) [Xom's mischief]
  4019 | D:4      | Gained mutation: You are very dopey. (Int -4) [Xom's
                  | mischief]
  4329 | D:4      | XOM: give mutations
  4329 | D:4      | Gained mutation: Your body sometimes deteriorates upon
                  | taking damage. [Xom's mischief]
  4329 | D:4      | Lost mutation: Your body sometimes deteriorates upon taking
                  | damage. [Xom's mischief]
  4363 | D:4      | XOM: silly message
  4394 | D:4      | Found a burning altar of Makhleb.
  4394 | D:4      | Found a stormy altar of Qazlal.
  4466 | D:5      | Entered Level 5 of the Dungeon
  4471 | D:5      | Reached XP level 7. HP: 53/53 MP: 7/7
  4667 | D:5      | XOM: scenery: summon butterflies
  4684 | D:5      | Noticed Pikel
  4709 | D:5      | XOM: fake destruction
  4900 | D:6      | XOM: scenery: create altars
  4903 | D:5      | XOM: smoke on damage
  4905 | D:6      | HP: 1/53 [Pikel (3)]
  5038 | D:6      | XOM: 2-stop teleportation journey
  5135 | D:6      | Found a sparkling altar of Nemelex Xobeh.
  5189 | D:6      | XOM: 2-stop teleportation journey
  5209 | D:6      | Noticed a steam dragon
  5211 | D:6      | Noticed a steam dragon
  5217 | D:6      | Slain by a steam dragon

Illustrated notes

Levels and vault maps discovered:
D:1:      scummos_arrival_checkerplants, layout_rooms,
          chequers_ecumenical_altar_simple_redux, minmay_misc_feat_ornament
D:2:      layout_loops_corners, basic_altar, uniq_crazy_yiuf_cottage
D:3:      layout_basic, portal_sewer_entry_d, minmay_mini_jars
D:4:      layout_basic, lemuel_doored_altar, amethyst_overflow_temple_binary,
          gammafunk_ghost_arena, solitary_fountain, hangedman_decor_peaks_small,
          lemuel_another_geyser
D:5:      layout_basic, lemuel_zombie_altar_kikubaaqudgha,
          worldfamousw_hep_ancestral_shrine, minmay_temple_entry_butterflies,
          lexackson_kobold_supper, uniq_pikel
D:6:      kennysheep_steamy, layout_loops_corners,
          mainiacjoe_overflow_surrounded_room, hangedman_feature_mirror,
          minmay_shop_grid_forest, chequers_mini_garden, minmay_liquid_box

Skill      XL: |  1  2  3  4  5  6 |
---------------+-------------------+-----
Fighting       | 6 |  6.7
Short Blades   | 4 5 |  5.3
Dodging        | 4 |  4.9
Stealth        | 8 |  8.9
Throwing       | 3 |  3.4

Action                   |  1- 3 |  4- 6 |  7- 9 || total
-------------------------+-------+-------+-------++-------
Melee: Dagger            |    30 |   110 |    23 ||   163
       Constrict         |     5 |    24 |     2 ||    31
       Tentacles         |     3 |    19 |     3 ||    25
  Use: Potion            |     2 |     3 |     1 ||     6
       Scroll            |       |    11 |     1 ||    12
 Stab: Sleeping          |     9 |    26 |     2 ||    37
       Distracted        |       |     1 |       ||     1
Armor: Skin              |     1 |     3 |       ||     4
Dodge: Dodged            |     8 |    50 |    19 ||    77
